 Dungeon Crawl Stone Soup version 0.32-a0-519-g08f29ac1c3 (webtiles) character file.

Game seed: 594836084750573039

18 seren the Charlatan (level 2, 0/31 HPs)
             Began as a Coglin Artificer on Feb 27, 2024.
             Slain by a sleepcap (4 damage)
             ... on level 1 of the Dungeon.
             The game lasted 00:02:11 (1094 turns).

seren the Charlatan (Coglin Artificer)              Turns: 1094, Time: 00:02:12

Health: 0/31       AC:  3    Str: 12    XL:     2   Next: 66%
Magic:  2/2        EV: 11    Int: 10    God:
Gold:   18         SH:  0    Dex: 14    Spells: 1/1 levels left

rFire   . . .        i - +0 dagger {Narong}
rCold   . . .        l - +0 long sword {Wanphen}
rNeg    . . .        b - +0 leather armour
rPois   .            (no helmet)
rElec   .            (no cloak)
rCorr   .            (no gloves)
SInv    .            (no boots)
Will    .....        (no amulet) Stlth
                     (ring unavailable)
HPRegen 0.25/turn    (ring unavailable)
MPRegen 0.08/turn

%: no passive effects
@: berserking, revved, very quick
A: off-hand wielding, slow wielding, warmup strikes, no rings
a: no special abilities


You were on level 1 of the Dungeon.
You visited 1 branch of the dungeon, and saw 2 of its levels.

You collected 18 gold pieces.

Inventory:

Hand Weapons
 f - a +0 short sword {Ruka}
 i - a +0 dagger (weapon) {Narong}
 l - a +0 long sword (offhand) {Wanphen}
Armour
 b - a +0 leather armour (worn)
Talismans
 j - a maw talisman
Wands
 c - a wand of flame (15) (quivered)
 d - a wand of charming (15)
 e - a wand of iceblast (5)
Scrolls
 g - 2 scrolls of identify {unknown}
 h - 3 scrolls of brand weapon {unknown}
 m - a scroll of teleportation {unknown}
 n - a scroll of poison {unknown}
Potions
 k - a potion of brilliance {unknown}


   Skills:
 + Level 1.3 Fighting
 * Level 0.9 Short Blades
 + Level 2.0 Armour
 + Level 1.1 Dodging
 + Level 1.1 Stealth
 + Level 4.1 Evocations


You had one spell level left.
You didn't know any spells.
Your spell library contained the following spells:

 Spells                   Type           Power      Damage    Failure   Level
 Call Canine Familiar     Summ           0%         N/A       82%         3
 Sigil of Binding         Hex            0%         N/A       82%         3
 Dimensional Bullseye     Hex/Tloc       0%         N/A       99%         4


Dungeon Overview and Level Annotations

Branches:
Dungeon (2/15)

Altars:

Annotations:
D:2 Robin


Innate Abilities, Weirdness & Mutations

You can wield a second weapon in your off-hand.
It takes a long time for you to wield or remove held weapons.
Your first few attacks do less damage.
Your grasper-arms cannot wear rings.


Message History

There is a stone staircase leading down here.
You climb downwards.
Level annotation: Robin
Found a runed robe.
Found a stone staircase leading down.
There is a stone staircase leading up here.
You hit the sleepcap with your +0 dagger.
The sleepcap is lightly damaged.
You hit the sleepcap with your +0 long sword.
The sleepcap closely misses you.
The sleepcap releases spores at you but does no damage.
You climb upwards.
There is a stone staircase leading down here.
You completely miss the sleepcap with your +0 dagger.
The sleepcap is moderately damaged.
You hit the sleepcap but do no damage. The sleepcap releases spores at you!
* * * LOW HITPOINT WARNING * * *
You hit the sleepcap with your +0 long sword.
The sleepcap is moderately damaged.
You hit the sleepcap but do no damage. The sleepcap closely misses you.
The sleepcap releases spores at you but does no damage.
You hit the sleepcap with your +0 long sword.
The sleepcap is moderately damaged.
You hit the sleepcap but do no damage. The sleepcap closely misses you.
You hit the sleepcap but do no damage.
The sleepcap is moderately damaged.
You hit the sleepcap but do no damage. The sleepcap releases spores at you.
* * * LOW HITPOINT WARNING * * *
You are engulfed in a cloud of soporific spores!
You fall asleep.
The sleepcap releases spores at you!
You wake up.
* * * LOW HITPOINT WARNING * * *
It was a potion of berserk rage.
A red film seems to cover your vision as you go berserk!
You feel yourself moving faster!
You feel mighty! The sleepcap completely misses you.
You slash the sleepcap with your +0 long sword!
The sleepcap is severely damaged.
You hit the sleepcap with your +0 dagger.
The sleepcap releases spores at you.
You die...

### #######.## ##
##...##.#.## ##
.#####......###.## #########
#.
...............f@###.......#
#.
.#####........##..##.#####.#
#. .#
##.......##.###.#####.# #.
.# ####...............#.# #.
.#### #...#.#.#.........# #.
....# #..#.##.#.#.###...# #.
###.# #.......#.#.###...# #.
#.# ##'######.#.......# ##.
#.# ##...## #.###.##.## ##..


You could see a sleepcap.

Vanquished Creatures
  2 endoplasms (D:1)
  2 goblins
  4 hobgoblins
  4 kobolds (D:1)
  A quokka (D:2)
  2 bats (D:1)
  A rat (D:1)
16 creatures vanquished.

Notes
Turn   | Place    | Note
-------+----------+-------------------------------------------
     0 | D:1      | seren the Coglin Artificer began the quest for the Orb.
     0 | D:1      | Reached XP level 1. HP: 15/15 MP: 1/1
   280 | D:1      | Reached skill level 1 in Dodging
   432 | D:1      | Reached skill level 1 in Stealth
   432 | D:1      | Reached XP level 2. HP: 19/21 MP: 2/2
  1032 | D:2      | Noticed Robin
  1094 | D:1      | Slain by a sleepcap

Illustrated notes

Levels and vault maps discovered:
D:1:      lemuel_arrival_hallway, layout_loops_corners
D:2:      layout_rooms, basic_altar, hellmonk_ecumenical_altar_zigzags,
          hex_intersection, minmay_close_crescents, uniq_terence, uniq_robin

Skill      XL: |  1  2 |
---------------+-------+-----
Dodging        | 1 |  1.1
Stealth        | 1 |  1.1
Armour         | 2 |  2.0
Fighting       | |  1.3
Short Blades   | |  0.9
Evocations     | |  4.1

Action                     || total
---------------------------++-------
  Melee: Club              ||    15
         Dagger            ||    35
         Short sword       ||    18
         Long sword        ||    19
    Use: Potion            ||     1
   Stab: Sleeping          ||     1
 Armour: Leather armour    ||    36
  Dodge: Dodged            ||    32

Table legend: (Time is in decaauts)
 A = Elapsed time spent in this place.
 B = Non-inter-level travel time spent in this place.
 C = Inter-level travel time spent in this place.
 D = Time resting spent in this place.
 E = Time spent auto-exploring this place.
 F = Levels seen in this place.
 G = Mean time per level.
                   A        B        C        D        E       F      G
               +--------+--------+--------+--------+--------+-----+--------+
         Total |   1102 |   1020 |     82 |     46 |    727 |   2 |  551.0 |
       Dungeon |   1102 |   1020 |     82 |     46 |    727 |   2 |  551.0 |
               +--------+--------+--------+--------+--------+-----+--------+

Top non-repeatable levels by time:
     D:1: 982 daAuts
     D:2: 120 daAuts
